 Dungeon Crawl Stone Soup version 0.22-a0-558-gc224181 (webtiles) character file.

118062 Amnesiac the Fetichist (level 16, -27/87 HPs)
             Began as a Spriggan Artificer on June 27, 2018.
             Was an Initiate of Gozag.
             Killed from afar by a frost giant (49 damage)
             ... with a bolt of cold
             ... on level 1 of the Depths.
             The game lasted 01:29:06 (33718 turns).

Amnesiac the Fetichist (Spriggan Artificer)        Turns: 33718, Time: 01:29:07

Health: -27/87     AC:  3    Str: 13    XL:     16   Next: 24%
Magic:  0/40       EV: 42    Int: 14    God:    Gozag
Gold:   6506       SH: 10    Dex: 17    Spells: 4/35 levels left

rFire    + . .     SeeInvis +   a - +1 quick blade (elec)
rCold    . . .     Gourm    .   q - +2 buckler
rNeg     . . .     Faith    .   V - +1 robe {rF+}
rPois    .         Spirit   +   (helmet restricted)
rElec    +         Reflect  .   o - scarf {Spirit}
rCorr    .         Harm     .   (gloves unavailable)
MR       ++...                  (boots unavailable)
Stlth    +++++.....             C - amulet of the Air {Inacc +Fly rElec EV+5 RMsl}
HPRegen  0.24/turn              Y - +5 ring of evasion
MPRegen  0.27/turn              x - ring of magical power

@: very slightly contaminated, studying 2 skills, repel missiles, very quick
A: very small, unfitting armour, talons 2, see invisible, herbivore, speed 3,
slow metabolism 2, subdued magic 1
a: Potion Petition, Call Merchant, Bribe Branch, Renounce Religion, Evoke Flight


You were on level 1 of the Depths.
You worshipped Gozag.
Gozag was greatly pleased with you.
You were not hungry.

You visited 4 branches of the dungeon, and saw 21 of its levels.

You collected 7569 gold pieces.
You spent 1050 gold pieces at shops.
You paid 13 gold pieces to Gozag.

Inventory:

Hand Weapons
 a - a +1 quick blade of electrocution (weapon)
 b - a +0 blowgun
 g - the +7 shortbow of Keshetanasi {speed, Str+3, unknown}
   (You found it on level 3 of the Elven Halls)

   Attacks with this weapon are significantly faster.
   It affects your strength (+3).
Missiles
 k - 51 poisoned needles
 Q - 7 curare-tipped needles
Armour
 h - a scarf of resistance
 o - a scarf of spirit shield (worn)
 q - a +2 buckler (worn)
 V - a +1 robe of fire resistance (worn)
Jewellery
 x - a ring of magical power (right hand)
 C - the amulet of the Air (around neck) {Inacc +Fly rElec EV+5 RMsl}
   (You found it on level 3 of the Elven Halls)

   [amulet of inaccuracy]

   It reduces the accuracy of all your attacks.
   It affects your evasion (+5).
   It insulates you from electricity.
   It lets you fly.
   It protects you from missiles.
 H - the ring of Conversion {rElec EV-3 Dex+3}
   (You found it on level 1 of the Depths)

   [ring of evasion]

   It affects your evasion (-3).
   It affects your dexterity (+3).
   It insulates you from electricity.
 K - the amulet "Habyeh" {rC+ Regen+}
   (You took it off a deep elf mage on level 1 of the Elven Halls)

   [amulet of regeneration]

   It protects you from cold.
   It increases your rate of regeneration.
 P - an uncursed ring of protection from cold
 Y - a +5 ring of evasion (left hand)
Wands
 c - a wand of flame (44)
 d - a wand of enslavement (27)
 n - a wand of acid (7)
 R - a wand of disintegration (23)
 T - a wand of paralysis (20)
 U - a wand of clouds (4)
Scrolls
 j - 3 scrolls of teleportation {!r}
 m - 5 scrolls of amnesia {!r}
 p - 2 scrolls of identify {!r}
 s - 3 scrolls of magic mapping {!r}
 v - a scroll of remove curse {!r}
 w - a scroll of vulnerability {!r}
 y - 4 scrolls of enchant armour {!r}
 D - 2 scrolls of fear {!r}
 J - 3 scrolls of blinking {!r}
 L - 2 scrolls of fog {!r}
 M - a scroll of torment {!r}
 N - a scroll of silence {!r}
 W - a scroll of holy word {!r}
Potions
 e - 5 potions of mutation {!q}
 l - a potion of magic {!q}
 u - 5 potions of haste {!q}
 z - 2 potions of flight {!q}
 A - 2 potions of curing {!q}
 G - 2 potions of lignification {!q}
 O - 2 potions of brilliance {!q}
 X - a potion of might {!q}
Books
 i - a manual of Poison Magic
 B - a manual of Conjurations
Miscellaneous
 r - a box of beasts
 t - a phial of floods (inert)
 E - a fan of gales
 F - a lightning rod (1/4)
 I - a crystal ball of energy
Comestibles
 f - 13 rations


   Skills:
 + Level 11.2 Fighting
 - Level 10.0 Short Blades
 + Level 16.1 Dodging
 - Level 10.0 Stealth
 - Level 7.5 Shields
 - Level 10.0 Spellcasting
 * Level 20.8 Evocations


You had 4 spell levels left.
You knew the following spells:

 Your Spells              Type           Power        Failure   Level  Hunger
a - Ensorcelled Hibernat  Hex/Ice        #.....       13%         2    None
b - Dazzling Spray        Conj/Hex       #.....       26%         3    #......
c - Confuse               Hex            #.......     26%         3    #......
d - Call Imp              Summ           #.......     13%         2    None
e - Mephitic Cloud        Conj/Pois/Air  #.......     26%         3    #......
f - Apportation           Tloc           #.....       9%          1    None
g - Passwall              Tmut/Erth      #.......     13%         2    None
h - Poisonous Vapours     Pois/Air       #.....       13%         2    None
i - Summon Lightning Spi  Summ/Air       #.......     67%         4    ###....
s - Conjure Flame         Conj/Fire      #.......     26%         3    #......
v - Blink                 Tloc           N/A          13%         2    None
w - Tukima's Dance        Hex            #.......     26%         3    #......
z - Confusing Touch       Hex            #.....       9%          1    None

Your spell library contained the following spells:

 Spells                   Type           Power        Failure   Level  Hunger
 Magic Dart               Conj           #...         9%          1    None
 Bolt of Cold             Conj/Ice       #.........   100%        6    ######.
 Slow                     Hex            #.......     13%         2    None
 Freezing Cloud           Conj/Ice/Air   #.........   100%        6    ######.
 Summon Small Mammal      Summ           #...         9%          1    None
 Iskenderun's Mystic Bla  Conj           #.......     67%         4    ###....
 Summon Horrible Things   Summ           #.........   100%        8    #######
 Animate Skeleton         Necr           N/A          9%          1    None
 Ozocubu's Refrigeration  Ice            #.........   100%        6    ######.
 Summon Greater Demon     Summ           #.........   100%        7    #######
 Corpse Rot               Necr           N/A          13%         2    None
 Stone Arrow              Conj/Erth      #.....       26%         3    #......
 Ice Form                 Ice/Tmut       #.......     67%         4    ###....
 Deflect Missiles         Chrm/Air       #.........   100%        6    ######.
 Metabolic Englaciation   Hex/Ice        #.........   95%         5    #####..
 Silence                  Hex/Air        #.........   95%         5    #####..
 Corona                   Hex            #......      9%          1    None
 Lee's Rapid Deconstruct  Erth           #.........   95%         5    #####..
 Sandblast                Erth           #.....       9%          1    None
 Simulacrum               Ice/Necr       #.........   100%        6    ######.
 Conjure Ball Lightning   Conj/Air       #.........   100%        6    ######.
 Monstrous Menagerie      Summ           #.........   100%        7    #######
 Petrify                  Tmut/Erth      #.......     67%         4    ###....
 Malign Gateway           Summ/Tloc      #.........   100%        7    #######
 Tornado                  Air            #.........   100%        9    #######
 Leda's Liquefaction      Hex/Erth       #.........   67%         4    ###....
 Summon Hydra             Summ           #.........   100%        7    #######
 Fulminant Prism          Conj/Hex       #.........   67%         4    ###....
 Force Lance              Conj/Tloc      #.......     67%         4    ###....
 Searing Ray              Conj           #.....       13%         2    None
 Summon Forest            Summ/Tloc      #.........   95%         5    #####..
 Hydra Form               Tmut           #.........   100%        6    ######.


Dungeon Overview and Level Annotations

Branches:
Dungeon (15/15)            Temple (0/1) D:4            Lair (0/6) D:10
    Orc (2/2) D:9             Elf (3/3) Orc:2        Vaults (0/5) D:13
 Depths (1/5) D:15

Altars:
Ashenzari
Elyvilon
Fedhas
Gozag
Nemelex Xobeh
Qazlal
Sif Muna
Xom
Yredelemnul
The Shining One

Shops:
D:4 *   D:10 }   Orc:2 (:[*   Elf:1 [   Elf:2 !   Elf:3 *

Portals:
Hell: Depths:1
Trove: Elf:1 (give 16 potions of curing)

Annotations:
Elf:2 3 runed doors


Innate Abilities, Weirdness & Mutations

You are very small and have problems with some larger weapons.
You are too small for most types of armour.
You have supernaturally acute eyesight. (SInv)
You are a herbivore.
You cover ground extremely quickly.
You need to consume almost no food.
You have razor-sharp toenails.
Your spells are a little easier to cast, but a little less powerful.


Message History

The frost giant is moderately wounded.
You hit the frost giant but do no damage.
Lightning courses through the frost giant!
You claw the frost giant, but do no damage.
The frost giant is heavily wounded.
The frost giant completely misses you.
You hit the frost giant but do no damage.
Lightning courses through the frost giant!
The frost giant is severely wounded.
You closely miss the frost giant.
The frost giant is severely wounded.
You hit the frost giant but do no damage.
The frost giant is severely wounded.
You hear a distant "Zot"!
You completely miss the frost giant.
You claw the frost giant, but do no damage.
The frost giant is severely wounded.
The frost giant points at you and mumbles some strange words.
The bolt of cold misses you.
You barely miss the frost giant. You claw the frost giant.
The frost giant is severely wounded.
You hit the frost giant but do no damage.
The frost giant is severely wounded.
You barely miss the frost giant.
The frost giant is severely wounded.
You hit the frost giant but do no damage.
The frost giant is severely wounded.
The red ugly thing seems less confused.
The frost giant hits you with a battleaxe of freezing!!
* * * LOW HITPOINT WARNING * * *
The frost giant freezes you.
* * * LOW HITPOINT WARNING * * *
You hit the frost giant.
The frost giant is severely wounded.
You hit the frost giant.
The frost giant is severely wounded.
You hit the frost giant but do no damage.
The frost giant is severely wounded.
You hit the frost giant but do no damage.
The frost giant is severely wounded.
The red ugly thing seems less confused.
The frost giant points at you and mumbles some strange words.
The bolt of cold is repelled.
You hit the frost giant but do no damage.
You claw the frost giant.
The frost giant is severely wounded.
You hit the frost giant.
You claw the frost giant, but do no damage.
The frost giant is almost dead.
You hit the frost giant but do no damage.
Lightning courses through the frost giant!
The frost giant is almost dead.
The frost giant hits you with a battleaxe of freezing!
* * * LOW HITPOINT WARNING * * *
The frost giant freezes you!
* * * LOW HITPOINT WARNING * * *
You hear a distant "Zot"!
There is an open door here.
You hear a distant "Zot"!
The frost giant casts a spell at you. The bolt of cold hits you!
Ouch! That really hurt!
You die...
Your body crumbles into a pile of gold.

.... #####....### .... ###
##...#.## # ##..
###_####^.....#.# #...
#.....##......... ..#
#♣...♣##......... ## #.##
#.....##......... .#.##..#
#♣...♣##.........
.......#####'####(...###.≈
###.>.....uC....@....# .≈
.#...#..#u........#..#
....##.###........####
.....### ##......## ....##
##.##### ...## ###
...###### ....(...#
##......#


You could see a frost giant and 2 ugly things.

Vanquished Creatures
  2 deep elf master archers (Elf:3)
  2 deep elf blademasters (Elf:3)
  Donald (Elf:2)
  3 deep elf sorcerers
  An orc warlord (Orc:2)
  2 deep elf elementalists (Elf:3)
  A stone giant (D:15)
  A vampire knight (Depths:1)
  6 deep elf demonologists
  6 deep elf annihilators
  The ghost of inc the Basher, a journeyman OgAM of Okawaru (D:10)
  4 deep elf death magi (Elf:3)
  Erolcha (D:10)
  A fire dragon (Depths:1)
  2 deep elf high priests (Elf:3)
  A hydra (D:14)
  A rakshasa (Depths:1)
  A death knight (D:13)
  5 two-headed ogres
  3 centaur warriors
  A tengu warrior (D:15)
  A vampire mage (Depths:1)
  4 orc high priests (Orc:2)
  Urug (D:12)
  The ghost of iamserjio the Cleaver, a novice GrFi of Makhleb (D:9)
  10 deep elf knights
  7 deep elf archers
  2 wizards (D:15)
  2 unseen horrors
  The ghost of kirsanium the Magician, a novice GnSk of Xom (D:6)
  Pikel (D:8)
  4 orc knights
  A necromancer (D:15)
  A harpy (shapeshifter) (D:14)
  39 deep elf magi
  4 wolf spider zombies
  3 orc sorcerers (Orc:2)
  A wolf spider (D:15)
  5 cyclopes
  A manticore (D:15)
  4 ugly things
  A naga mage (D:14)
  2 gargoyles
  2 centaur zombies
  2 kobold demonologists (D:13)
  5 yaktaurs (Depths:1)
  A komodo dragon (D:10)
  The ghost of kirsanium the Gusty, a novice TeAE (D:4)
  6 trolls
  Grinder (D:3)
  3 hornets
  A raiju (shapeshifter) (D:15)
  8 slime creatures
  2 hippogriffs (shapeshifter)
  4 hippogriffs
  A shapeshifter (D:11)
  A vampire (D:14)
  A redback (shapeshifter) (D:13)
  A centaur simulacrum (D:15)
  2 wraiths
  10 yaks
  4 water elementals
  2 shadows
  A tarantella (shapeshifter) (D:13)
  A fire elemental (Elf:1)
  2 hungry ghosts (D:15)
  4 wargs
  A water moccasin (D:9)
  A dancing weapon (D:12)
  3 soldier ants
  33 orc warriors
  4 slaves (D:8)
  3 hornet zombies
  An ice beast (D:7)
  3 black bears
  2 sky beasts
  2 eyes of draining
  3 phantoms
  A necrophage (D:13)
  4 ogres
  13 centaurs
  5 big kobolds
  Blork the orc (D:6)
  8 bullfrogs
  4 earth elementals
  A wyvern skeleton (D:14)
  3 scorpions
  13 killer bees
  3 wights (D:5)
  6 crimson imps
  2 quasits
  5 hounds
  3 jellies
  Crazy Yiuf (D:3)
  24 orc priests
  34 orc wizards
  Jessica (D:3)
  9 centaur skeletons
  6 iguanas
  8 worker ants
  A killer bee zombie (D:5)
  A worker ant zombie (D:11)
  12 adders
  2 shadow imps
  3 oozes
  2 adder skeletons
  2 worms
  A dart slug (D:1)
  9 leopard geckos
  77 orcs
  5 ball pythons
  6 giant cockroaches
  11 goblins
  7 hobgoblins
  7 jackals
  17 kobolds
  2 quokkas
  11 bats
  9 frilled lizards
  A jackal zombie (D:6)
  A quokka skeleton (D:7)
  7 rats
613 creatures vanquished.

Vanquished Creatures (collateral kills)
  An ice dragon (Depths:1)
  A manticore (D:13)
  An orc sorcerer (Orc:2)
  A yaktaur (Depths:1)
  An acid dragon (D:12)
  An orc warrior (Orc:2)
  A killer bee (D:8)
  An orc priest (D:9)
  An orc wizard (D:9)
  An adder skeleton (D:8)
10 creatures vanquished.

Vanquished Creatures (others)
  12 dancing weapons
  A cyclops (D:13)
  A wraith (D:10)
  A wyvern zombie (D:9)
  An orc wizard (D:4)
  3 withered plants
19 creatures vanquished.

Grand Total: 642 creatures vanquished

Notes
Turn   | Place    | Note
-------+----------+-------------------------------------------
     0 | D:1      | Amnesiac the Spriggan Artificer began the quest for the Orb.
     0 | D:1      | Reached XP level 1. HP: 9/9 MP: 4/4
   208 | D:1      | Reached skill level 1 in Fighting
   218 | D:1      | Reached XP level 2. HP: 12/14 MP: 6/6
   412 | D:2      | Found an opulent altar of Gozag.
   412 | D:2      | Found a shattered altar of Ashenzari.
   416 | D:2      | Became a worshipper of Gozag Ym Sagoz the Greedy
   528 | D:1      | Reached skill level 5 in Evocations
   736 | D:1      | Reached XP level 3. HP: 14/18 MP: 7/7
   885 | D:1      | Found a sparkling altar of Nemelex Xobeh.
  1236 | D:2      | You fall through a shaft for 2 floors!
  1456 | D:4      | Reached skill level 6 in Evocations
  1456 | D:4      | Reached XP level 4. HP: 22/22 MP: 9/9
  1473 | D:4      | Found a runed door.
  1478 | D:4      | Noticed kirsanium's ghost (novice TeAE)
  1504 | D:4      | Killed kirsanium's ghost
  1504 | D:4      | Reached skill level 7 in Evocations
  1504 | D:4      | Reached XP level 5. HP: 25/25 MP: 9/11
  1504 | D:4      | Reached XP level 6. HP: 30/30 MP: 9/12
  1992 | D:3      | Noticed Grinder
  2017 | D:3      | Killed Grinder
  2017 | D:3      | Reached skill level 5 in Dodging
  2017 | D:3      | Reached XP level 7. HP: 22/33 MP: 13/13
  2201 | D:3      | Noticed Jessica
  2211 | D:3      | Killed Jessica
  2820 | D:3      | Reached skill level 8 in Evocations
  2935 | D:3      | Found a runed door.
  3320 | D:3      | Noticed Crazy Yiuf
  3324 | D:3      | Killed Crazy Yiuf
  3717 | D:4      | Found a staircase to the Ecumenical Temple.
  3848 | D:4      | Found a shimmering altar of Xom.
  3928 | D:4      | Reached skill level 5 in Short Blades
  4073 | D:4      | Reached skill level 5 in Stealth
  4235 | D:4      | Found Kohuonn's Serpentskin Sales.
  4242 | D:4      | Bought a +0 hunting sling of venom for 41 gold pieces
  4666 | D:4      | Noticed a manticore
  4677 | D:4      | Noticed a salamander
  4679 | D:4      | Noticed a polar bear
  4679 | D:4      | a salamander changed into a polar bear
  4693 | D:4      | Noticed a guardian serpent
  4693 | D:4      | a polar bear changed into a guardian serpent
  5032 | D:5      | Entered Level 5 of the Dungeon
  5369 | D:5      | Reached XP level 8. HP: 21/37 MP: 15/15
  5644 | D:5      | Reached skill level 9 in Evocations
  5710 | D:5      | Found a blossoming altar of Fedhas.
  6362 | D:6      | Noticed Blork the orc
  6372 | D:6      | Killed Blork the orc
  7010 | D:7      | Found a runed gate.
  7010 | D:7      | Found a runed gate.
  7010 | D:7      | Found a runed gate.
  7112 | D:7      | Noticed kirsanium's ghost (novice GnSk)
  7299 | D:7      | Reached skill level 10 in Evocations
  7684 | D:7      | Found a basalt altar of Yredelemnul.
  7942 | D:8      | Reached XP level 9. HP: 24/41 MP: 17/17
  8116 | D:8      | HP: 2/41 [poisoned by a killer bee]
  8120 | D:8      | Gained mutation: You are occasionally teleported next to monsters. [potion of mutation]
  8120 | D:8      | Gained mutation: You are weak. (Str -2) [potion of mutation]
  8120 | D:8      | Gained mutation: You are covered in fur. (AC +1) [potion of mutation]
  8143 | D:8      | Lost mutation: You are weak. (Str -2) [potion of mutation]
  8143 | D:8      | Lost mutation: You are covered in fur. (AC +1) [potion of mutation]
  8143 | D:8      | Gained mutation: You have sharp toenails. [potion of mutation]
  8143 | D:8      | Gained mutation: Your flesh is cold resistant. (rC+) [potion of mutation]
  8207 | D:8      | Noticed Pikel
  8352 | D:8      | Killed Pikel
  8352 | D:8      | Reached skill level 11 in Evocations
  8537 | D:8      | Noticed a two-headed ogre
  8575 | D:8      | Killed a two-headed ogre
  8575 | D:8      | Reached skill level 12 in Evocations
  9290 | D:8      | Found a stormy altar of Qazlal.
  9290 | D:8      | Found a white marble altar of Elyvilon.
  9549 | D:9      | Found a staircase to the Orcish Mines.
  9568 | D:9      | Reached XP level 10. HP: 15/45 MP: 20/20
 10836 | D:9      | Reached skill level 1 in Shields
 10856 | D:9      | Learned a level 2 spell: Blink
 10859 | D:9      | Learned a level 2 spell: Call Imp
 10863 | D:9      | Learned a level 3 spell: Mephitic Cloud
 10885 | D:9      | Reached skill level 1 in Spellcasting
 10951 | D:9      | Learned a level 3 spell: Conjure Flame
 10971 | D:9      | Found a runed door.
 10972 | D:9      | Noticed iamserjio's ghost (novice GrFi)
 11308 | D:9      | Killed iamserjio's ghost
 11551 | D:6      | Killed kirsanium's ghost
 11795 | D:10     | Entered Level 10 of the Dungeon
 11820 | D:10     | Noticed Erolcha
 11821 | D:10     | Lost mutation: Your flesh is cold resistant. (rC+) [potion of mutation]
 11821 | D:10     | Lost mutation: You are occasionally teleported next to monsters. [potion of mutation]
 11821 | D:10     | Gained mutation: Your spells are a little easier to cast, but a little less powerful. [potion of mutation]
 11821 | D:10     | Gained mutation: You have razor-sharp toenails. [potion of mutation]
 12277 | D:10     | Learned a level 3 spell: Tukima's Dance
 12281 | D:10     | Learned a level 3 spell: Dazzling Spray
 12285 | D:10     | Learned a level 3 spell: Confuse
 12288 | D:10     | Learned a level 2 spell: Ensorcelled Hibernation
 12304 | D:10     | Found a runed door.
 12304 | D:10     | Noticed inc's ghost (journeyman OgAM)
 12347 | D:10     | HP: 2/45 [killer bee (9)]
 12739 | D:10     | Killed Erolcha
 12959 | D:10     | Reached skill level 10 in Dodging
 13013 | D:10     | Found a staircase to the Lair.
 13018 | D:10     | Noticed an unseen horror
 13024 | D:10     | Killed an unseen horror
 13024 | D:10     | Reached skill level 13 in Evocations
 13024 | D:10     | Reached XP level 11. HP: 50/50 MP: 25/25
 13151 | D:10     | Found Kieck's Gadget Shop.
 14615 | D:10     | Killed inc's ghost
 14615 | D:10     | Reached skill level 5 in Fighting
 14926 | D:12     | Noticed a two-headed ogre
 14938 | D:12     | Noticed a two-headed ogre
 14943 | D:12     | Killed a two-headed ogre
 14980 | D:12     | Killed a two-headed ogre
 14983 | D:12     | Reached skill level 10 in Spellcasting
 15384 | D:12     | Noticed a cyan ugly thing
 15483 | D:12     | Killed a cyan ugly thing
 15652 | D:12     | Noticed Urug
 15691 | D:12     | Killed Urug
 15691 | D:12     | Reached skill level 14 in Evocations
 15768 | D:12     | Got a smoking quarterstaff
 16011 | D:13     | Noticed a centaur warrior
 16028 | D:13     | Killed a centaur warrior
 16028 | D:13     | Reached XP level 12. HP: 46/63 MP: 25/27
 16374 | D:13     | Noticed an anaconda
 16375 | D:13     | Noticed a satyr
 16375 | D:13     | an anaconda changed into a satyr
 16379 | D:13     | Noticed a great orb of eyes
 16379 | D:13     | a satyr changed into a great orb of eyes
 16397 | D:13     | Noticed an alligator
 16397 | D:13     | a great orb of eyes changed into an alligator
 16399 | D:13     | an alligator changed into a slime creature
 17231 | D:13     | Reached skill level 10 in Short Blades
 17231 | D:13     | Reached skill level 10 in Stealth
 17276 | D:13     | Noticed a death knight
 17601 | D:13     | Killed a death knight
 17629 | D:13     | Found a gate to the Vaults.
 17788 | D:14     | Noticed an eight-headed hydra
 17792 | D:14     | Killed an eight-headed hydra
 17793 | D:14     | Noticed a centaur warrior
 17831 | D:14     | Killed a centaur warrior
 17951 | D:13     | Identified the +8 quarterstaff of Asiuwk {crush, rF+ Str+3 Int-5} (You found it on level 12 of the Dungeon)
 18217 | D:14     | Reached skill level 15 in Evocations
 18789 | D:14     | Noticed a two-headed ogre
 18820 | D:14     | Killed a two-headed ogre
 18820 | D:14     | Reached XP level 13. HP: 68/68 MP: 28/28
 19688 | D:15     | Entered Level 15 of the Dungeon
 20045 | D:15     | Reached skill level 16 in Evocations
 20618 | D:15     | Found a staircase to the Depths.
 22465 | Orc:1    | Entered Level 1 of the Orcish Mines
 23192 | Orc:2    | Entered Level 2 of the Orcish Mines
 23287 | Orc:2    | Found a staircase to the Elven Halls.
 23372 | Orc:2    | Found a shimmering altar of Xom.
 23963 | Orc:2    | Reached skill level 5 in Shields
 24365 | Orc:2    | Noticed an orc warlord
 24612 | Orc:2    | Reached XP level 14. HP: 75/75 MP: 29/29
 24667 | Orc:2    | Killed an orc warlord
 25886 | Orc:2    | Found Sisuy's Antique Armour Shop.
 25887 | Orc:2    | Found Uvikk's Antique Weapon Boutique.
 25888 | Orc:2    | Found Doagomp's General Store.
 25888 | Orc:2    | Found Zutusky's Book Shop.
 25904 | Orc:2    | Bought a runed scarf for 264 gold pieces
 26041 | Orc:2    | Bought a box of beasts for 280 gold pieces
 26041 | Orc:2    | Bought a scroll of holy word for 105 gold pieces
 26267 | Elf:1    | Entered Level 1 of the Elven Halls
 26267 | Elf:1    | Noticed a deep elf sorcerer
 26303 | Orc:2    | Killed a deep elf sorcerer
 26613 | Orc:2    | Reached skill level 17 in Evocations
 26791 | Elf:1    | Found Echer's Antique Armour Shoppe.
 26862 | Elf:1    | Found a deep blue altar of Sif Muna.
 26864 | Elf:1    | Found the +8 frozen axe "Frostbite" {freezing cloud, *Noise +Fly rC+}
 26961 | Elf:1    | Found a portal to a secret trove of treasure.
 27107 | Elf:2    | Noticed a reaper
 27139 | Elf:2    | Noticed a Hell Sentinel
 27758 | Orc:2    | Bought a book of Cantrips for 360 gold pieces
 27760 | Orc:2    | Learned a level 1 spell: Apportation
 27762 | Orc:2    | Learned a level 1 spell: Confusing Touch
 28765 | Elf:1    | Got a glittering pewter amulet
 28885 | Elf:1    | Reached skill level 18 in Evocations
 29006 | Elf:1    | HP: 3/76 [deep elf archer/arrow (13)]
 29361 | Elf:2    | Identified the amulet "Habyeh" {rC+ Regen+} (You took it off a deep elf mage on level 1 of the Elven Halls)
 29426 | Elf:2    | Reached XP level 15. HP: 69/80 MP: 30/30
 29451 | Elf:2    | Noticed Donald
 29462 | Elf:2    | Killed Donald
 29551 | Elf:2    | Reached skill level 10 in Fighting
 29561 | Elf:2    | Found Adghu's Distillery.
 29914 | Elf:2    | Identified a scroll of acquirement {!r}
 30044 | Elf:2    | Noticed a Brimstone Fiend
 30405 | Elf:2    | Reached skill level 19 in Evocations
 30529 | Elf:2    | Found a runed gate.
 30529 | Elf:2    | Found a runed gate.
 30539 | Elf:2    | Found a runed gate.
 30589 | Elf:3    | Identified a paperback manual
 30589 | Elf:3    | Entered Level 3 of the Elven Halls
 30629 | Elf:3    | Found Idikhlass's Assorted Antiques.
 30807 | Elf:3    | Noticed a deep elf sorcerer
 30808 | Elf:3    | Noticed an Executioner
 31643 | Elf:3    | Reached skill level 15 in Dodging
 31646 | Elf:3    | Noticed an Ice Fiend
 31779 | Elf:3    | Noticed a deep elf blademaster
 31780 | Elf:3    | Killed a deep elf sorcerer
 32016 | Elf:3    | Noticed a deep elf master archer
 32027 | Elf:3    | Killed a deep elf master archer
 32027 | Elf:3    | Reached skill level 20 in Evocations
 32027 | Elf:3    | Noticed a deep elf sorcerer
 32039 | Elf:3    | Killed a deep elf blademaster
 32041 | Elf:3    | Killed a deep elf sorcerer
 32086 | Elf:3    | Noticed a deep elf blademaster
 32136 | Elf:3    | Killed a deep elf blademaster
 32238 | Elf:3    | Noticed a deep elf master archer
 32287 | Elf:3    | Killed a deep elf master archer
 32287 | Elf:3    | Reached XP level 16. HP: 41/86 MP: 17/31
 32465 | Elf:3    | Found the amulet of the Air {Inacc +Fly rElec EV+5 RMsl}
 32499 | Elf:3    | Identified the Catalogue of Feathers
 32572 | Elf:3    | Got an iridescent shortbow
 32622 | Elf:3    | Learned a level 2 spell: Passwall
 32625 | Elf:3    | Learned a level 2 spell: Poisonous Vapours
 32630 | Elf:3    | Learned a level 4 spell: Summon Lightning Spire
 32952 | Depths:1 | Entered Level 1 of the Depths
 32961 | Depths:1 | Got a bound copper ring
 33007 | D:15     | Identified the cursed ring of Conversion {rElec EV-3 Dex+3} (You found it on level 1 of the Depths)
 33568 | Depths:1 | Found a glowing golden altar of the Shining One.
 33586 | Depths:1 | Found a gateway to Hell.
 33718 | Depths:1 | Killed from afar by a frost giant

Vault maps used:
D:1:      elethiomel_arrival_quiet, serial_bayou_pond_a,
          nemelex_diamond_rough_becter
D:2:      minmay_diamond_boxcup, gammafunk_temple_overflow_wave,
          hangedman_decor_peaks_small
D:3:      minmay_curled_crystal, minmay_misc_feat_rugged, uniq_grinder,
          uniq_crazy_yiuf_cottage, uniq_jessica
D:4:      led_xom_imps, minmay_temple_entry_junction, first_ration,
          gammafunk_ghost_grave, guppyfry_shop_venom
D:5:      marbit_many_paths, kennysheep_nondescript
D:6:      uniq_blork_the_orc
D:7:      lemuel_crystal_altar, ebering_ghost_rock_garden
D:8:      gammafunk_temple_overflow_elements, uniq_pikel
D:9:      david_orc_3, gammafunk_ghost_grave
D:10:     lair_entry_dummy, gammafunk_ghost_grave, serial_shops,
          kennysheep_little_box, uniq_erolcha
D:12:     uniq_urug
D:13:     david_vaults_4
D:14:     hangedman_glass_teeth, hangedman_pestilent_swarm
D:15:     grunt_enter_depths_magical_seal, hex_tiny, minmay_unpleasant_kobolds
Orc:1:    nicolae_orc_flooded_monolith
Orc:2:    st_orc_congregation, basic_altar
Elf:1:    minmay_elf_arrival_circle, serial_shops, shop_statue, enter_trove_6,
          basic_altar, hangedman_elf_represent
Elf:2:    serial_shops, shop_coins, serial_sigils_hangedman_shear, uniq_aizul,
          uniq_donald
Elf:3:    elf_hall_gauntlet_narrow, serial_shops, shop
Depths:1: hell_entry, gammafunk_ghost_necromancy, tso_altar,
          kennysheep_generic_room_3, serial_bayou_shore_b

Skill      XL: |  1  2  3  4  5  6  7  8  9 10 11 12 13 14 15 16 |
---------------+-------------------------------------------------+-----
Fighting       | 1 2 7 8 9 10 11 | 11.2
Evocations     | 5 6 7 8 10 12 13 14 15 16 18 20 | 20.8
Short Blades   | 3 4 5 7 8 10 | 10.0
Dodging        | 4 5 6 7 9 10 11 12 13 15 16 | 16.1
Stealth        | 3 4 5 7 8 10 | 10.0
Shields        | 1 5 7 |  7.5
Spellcasting   | 9 10 | 10.0

Action                   |  1- 3 |  4- 6 |  7- 9 | 10-12 | 13-15 | 16-18 || total
-------------------------+-------+-------+-------+-------+-------+-------++-------
Melee: Short sword       |   160 |    41 |   146 |       |       |       ||   347
       Dagger            |       |       |   170 |   670 |   708 |       ||  1548
       Kick              |       |       |    11 |   218 |   432 |    88 ||   749
       Quick blade       |       |       |       |       |   676 |   231 ||   907
       Unarmed           |       |       |       |       |    46 |       ||    46
 Fire: Hunting sling     |       |       |   336 |   139 |     3 |       ||   478
Throw: Stone             |       |       |       |     1 |     1 |       ||     2
 Cast: Mephitic Cloud    |       |       |       |    12 |    88 |     6 ||   106
       Tukima's Dance    |       |       |       |     8 |     1 |       ||     9
       Confuse           |       |       |       |     4 |     8 |     1 ||    13
       Conjure Flame     |       |       |       |    20 |    19 |     3 ||    42
       Ensorcelled Hiber |       |       |       |    14 |    38 |       ||    52
       Dazzling Spray    |       |       |       |     2 |    18 |       ||    20
       Call Imp          |       |       |       |       |     3 |       ||     3
       Confusing Touch   |       |       |       |       |    15 |       ||    15
Invok: Potion Petition   |       |       |       |       |     1 |       ||     1
Evoke: Wand              |     1 |    12 |    15 |    56 |     6 |       ||    90
       Phial of floods   |       |       |       |     2 |     2 |     1 ||     5
       Lightning rod     |       |       |       |       |       |     4 ||     4
  Use: Scroll            |       |       |    19 |     8 |     8 |     1 ||    36
       Potion            |       |       |     9 |     3 |    11 |       ||    23
 Stab: Sleeping          |     4 |     3 |    21 |    25 |    39 |       ||    92
       Paralysed         |       |     7 |       |       |       |       ||     7
       Distracted        |       |       |     3 |     5 |     4 |       ||    12
       Confused          |       |       |       |    18 |    89 |     1 ||   108
       Invisible         |       |       |       |     1 |     6 |       ||     7
  Eat: Ration            |       |       |     4 |     5 |    12 |       ||    21
Armor: Robe              |    19 |     2 |    16 |    24 |    12 |       ||    73
       Skin              |       |       |     3 |     3 |     3 |       ||     9
Dodge: Dodged            |   154 |    23 |   298 |   511 |   583 |    89 ||  1658
       Deflected         |       |       |       |       |       |     7 ||     7
Block: Buckler           |       |       |       |       |   200 |    36 ||   236

Table legend:
 A = Spawn XP
 B = Non-spawn XP
 C = Spawn XP percentage of total XP
 D = Spawn monster count
 E = Non-spawn monster count
 F = Spawn count percentage of total count
 G = Total turns spent on level
                    A         B        C        D         E        F      G
               +---------+---------+-------+---------+---------+-------+---------
         Total |       0 |  168660 |   0.0 |       0 |     631 |   0.0 | 33718
               +---------+---------+-------+---------+---------+-------+---------
           D:1 |       0 |      46 |   0.0 |       0 |      24 |   0.0 |   692
           D:2 |       0 |      72 |   0.0 |       0 |      21 |   0.0 |  1087
           D:3 |       0 |     424 |   0.0 |       0 |      26 |   0.0 |   987
           D:4 |       0 |     828 |   0.0 |       0 |      28 |   0.0 |  2313
           D:5 |       0 |     413 |   0.0 |       0 |      16 |   0.0 |  1087
           D:6 |       0 |    1288 |   0.0 |       0 |      17 |   0.0 |  1236
           D:7 |       0 |     336 |   0.0 |       0 |      13 |   0.0 |   899
           D:8 |       0 |    2669 |   0.0 |       0 |      25 |   0.0 |  1506
           D:9 |       0 |    2317 |   0.0 |       0 |      32 |   0.0 |  2441
          D:10 |       0 |    4206 |   0.0 |       0 |      23 |   0.0 |  1595
          D:11 |       0 |    2620 |   0.0 |       0 |      26 |   0.0 |  1200
          D:12 |       0 |    6204 |   0.0 |       0 |      23 |   0.0 |  1457
          D:13 |       0 |    8710 |   0.0 |       0 |      41 |   0.0 |  1496
          D:14 |       0 |   11892 |   0.0 |       0 |      34 |   0.0 |  2755
          D:15 |       0 |   16983 |   0.0 |       0 |      52 |   0.0 |  2091
         Orc:1 |       0 |    3506 |   0.0 |       0 |      32 |   0.0 |  1755
         Orc:2 |       0 |   19234 |   0.0 |       0 |      93 |   0.0 |  2613
         Elf:1 |       0 |   17226 |   0.0 |       0 |      26 |   0.0 |  2431
         Elf:2 |       0 |   21098 |   0.0 |       0 |      29 |   0.0 |  1405
         Elf:3 |       0 |   40908 |   0.0 |       0 |      37 |   0.0 |  2055
      Depths:1 |       0 |    7680 |   0.0 |       0 |      13 |   0.0 |   617
               +---------+---------+-------+---------+---------+-------+---------
